 Dungeon Crawl Stone Soup version 0.22.0-32-gbc6daba (webtiles) character file.

9825 iamserjio the Grappler (level 11, -5/105 HPs)
             Began as a Troll Fighter on Aug 23, 2018.
             Was a Priest of Cheibriados.
             Killed by divine providence
             ... invoked by an orc high priest
              (16 damage)
             ... on level 2 of the Orcish Mines.
             The game lasted 00:25:05 (3149 turns).

iamserjio the Grappler (Troll Fighter)              Turns: 3149, Time: 00:25:06

Health: -5/105     AC: 12    Str: 34    XL:     11   Next: 28%
Magic:  8/12       EV: 10    Int: 18    God:    Cheibriados [***...]
Gold:   425        SH: 12    Dex: 17    Spells: 10/10 levels left

rFire    . . .     SeeInvis .     - Unarmed
rCold    + . .     Gourm    +   b - +0 shield
rNeg     + . .     Faith    .   c - +2 robe {rC+}
rPois    .         Spirit   .   f - +2 hat "Xoisehe" {rN+ Int+3}
rElec    .         Reflect  .   j - +2 cloak
rCorr    .         Harm     .   (gloves unavailable)
MR       .....                  (boots unavailable)
Stlth    ++........             v - amulet of magic regeneration
HPRegen  0.67/turn              (no ring)
MPRegen  0.38/turn              (no ring)

@: very slow
A: large, unfitting armour, claws 3, fast metabolism 3, gourmand, regeneration
1, shaggy fur 1, tough skin 2
a: Bend Time, Temporal Distortion, Renounce Religion


You were on level 2 of the Orcish Mines.
You worshipped Cheibriados.
Cheibriados was most pleased with you.
You were not hungry.

You visited 3 branches of the dungeon, and saw 14 of its levels.

You collected 740 gold pieces.
You spent 315 gold pieces at shops.

Inventory:

Hand Weapons
 l - a +5 hand axe of flaming
Armour
 b - a +0 shield (worn)
 c - a +2 robe of cold resistance (worn)
 f - the +2 hat "Xoisehe" (worn) {rN+ Int+3}
   (You found it on level 2 of the Orcish Mines)

   It affects your intelligence (+3).
   It protects you from negative energy.
 g - a +0 hat
 j - a +2 cloak (worn)
 k - a +2 hat of see invisible
 s - a +1 hat of intelligence
 y - a scarf of spirit shield
Jewellery
 v - an amulet of magic regeneration (around neck)
Wands
 n - a wand of polymorph (3)
 t - a wand of flame (22)
 G - a wand of disintegration (4)
Scrolls
 h - 5 scrolls of remove curse {@r2}
 r - a scroll of summoning {unknown}
 u - a scroll of magic mapping {unknown}
 w - a scroll of random uselessness {unknown}
 B - a scroll of vulnerability {unknown}
Potions
 e - a potion of resistance
 i - a potion of degeneration {unknown}
 m - a potion of flight {unknown}
 o - 2 potions of haste
 z - a potion of agility {unknown}
 C - a potion of mutation {unknown}
 D - a potion of invisibility {unknown}
Comestibles
 d - 11 rations


   Skills:
 + Level 6.1 Fighting
 - Level 2.4 Dodging
 + Level 7.5 Shields
 * Level 13.2 Unarmed Combat
 + Level 3.6 Invocations


You had 10 spell levels left.
You didn't know any spells.
Your spell library contained the following spells:

 Spells                   Type           Power        Failure   Level  Hunger
 Magic Dart               Conj           #...         28%         1    ##.....
 Blink                    Tloc           N/A          41%         2    ###....
 Call Imp                 Summ           #.......     41%         2    ###....
 Slow                     Hex            #.......     41%         2    ###....
 Conjure Flame            Conj/Fire      #.......     65%         3    ####...
 Mephitic Cloud           Conj/Pois/Air  #.......     65%         3    ####...


Dungeon Overview and Level Annotations

Branches:
Dungeon (11/15)            Temple (1/1) D:7             Orc (2/2) D:10
    Elf (0/3) Orc:2
   Lair: D:8-11

Altars:
Cheibriados
Kikubaaqudgha
Nemelex Xobeh
Vehumet
Yredelemnul
Zin

Shops:
D:9 *


Innate Abilities, Weirdness & Mutations

You are too large for most types of armour.
You have claws for hands.
Your metabolism is lightning-fast.
You like to eat raw meat.
Your natural rate of healing is unusually fast.
You are covered in fur. (AC +1)
You have very tough skin. (AC +2)


Message History

You can no longer inflict damage on those overly hasty.
Cheibriados lowers the support of your attributes as your movement quickens.
You block the ice devil's attack. x2
You closely miss the orc high priest.
The orc high priest is moderately wounded.
You block the ice devil's attack. You block the orc high priest's attack.
The ice devil hits you.
* * * LOW HITPOINT WARNING * * *
The ice devil freezes you. You resist.
* * * LOW HITPOINT WARNING * * *
Okay, then.
Unknown command.
Evoke which item? (* to show all) (? for menu, Esc to quit)
Aiming: Disintegrate
Press: ? - help, Shift-Dir - straight line, f - orc high priest
Aim: an orc high priest, wielding a battleaxe (moderately wounded, chance to defeat MR: 30%)
The orc high priest easily resists.
You block the ice devil's attack.
The orc high priest calls down the wrath of Beogh upon you.
Beogh smites you!
You die...

#..).....%>.#.####...
#...............###..
.))....%..#....#...
#)..%...%.........
#.)..%............
#))))).%.%######''
#4.).)....####....
#o4.......##.'.§..
##@.......#####....
##.4....%.#.####....
####...........##.'.§..
...........##.#.####....
########.)####### ####''
##...# #[)'.† #....#
###### ##....# #...##


You could see an orc high priest and 3 ice devils.

Vanquished Creatures
  3 orc high priests (Orc:2)
  2 deep elf magi (Orc:2)
  A troll (D:9)
  2 hippogriffs
  Sigmund (D:2)
  6 yaks (D:9)
  A wyvern (D:7)
  A hungry ghost (D:8)
  The ghost of Anon1729 the Skirmisher, an amateur GrMo (D:3)
  2 wargs (Orc:2)
  A phantom (D:7)
  A swamp drake (Orc:2)
  10 orc warriors
  2 sky beasts
  A black bear (D:6)
  A necrophage (D:10)
  5 ogres
  2 centaurs
  5 big kobolds
  4 bullfrogs
  3 scorpions
  A water moccasin skeleton (D:7)
  6 killer bees (D:7)
  2 bullfrog zombies
  3 crimson imps
  5 hounds
  2 jellies
  A quasit (D:9)
  22 orc priests
  15 orc wizards
  An iron imp (Orc:2)
  A bullfrog skeleton (D:3)
  2 iguanas
  3 worker ants
  Natasha (D:2)
  A hound zombie (D:6)
  2 worker ant zombies
  3 gnolls
  5 adders
  3 shadow imps
  A white imp (Orc:2)
  An adder zombie (D:7)
  2 worms
  2 leopard geckos
  42 orcs
  A giant cockroach (D:3)
  2 goblins (D:2)
  7 hobgoblins
  3 jackals (D:1)
  A ball python (D:2)
  3 bats
  3 frilled lizards
  A jackal skeleton (D:4)
  47 kobolds
  A leopard gecko skeleton (D:7)
  2 rats
253 creatures vanquished.

Vanquished Creatures (others)
  2 orcs (Orc:2)
2 creatures vanquished.

Grand Total: 255 creatures vanquished

Notes
Turn   | Place    | Note
-------+----------+-------------------------------------------
     0 | D:1      | iamserjio the Troll Fighter began the quest for the Orb.
     0 | D:1      | Reached XP level 1. HP: 22/22 MP: 0/0
    20 | D:1      | Reached XP level 2. HP: 8/29 MP: 1/1
    24 | D:1      | Reached skill level 3 in Unarmed Combat
   141 | D:2      | Noticed Sigmund
   150 | D:2      | Killed Sigmund
   150 | D:2      | Reached skill level 5 in Unarmed Combat
   150 | D:2      | Reached XP level 3. HP: 36/36 MP: 2/2
   150 | D:2      | Reached XP level 4. HP: 44/44 MP: 3/3
   150 | D:2      | Reached XP level 5. HP: 50/50 MP: 4/4
   307 | D:3      | Reached skill level 6 in Unarmed Combat
   327 | D:4      | Reached XP level 6. HP: 54/59 MP: 5/5
   379 | D:3      | Noticed Anon1729's ghost (amateur GrMo)
   399 | D:3      | Found a transporter.
   409 | D:3      | Found a transporter.
   424 | D:3      | Killed Anon1729's ghost
   424 | D:3      | Reached skill level 7 in Unarmed Combat
   520 | D:4      | Reached XP level 7. HP: 36/66 MP: 6/6
   581 | D:4      | Reached skill level 8 in Unarmed Combat
   680 | D:2      | Noticed Natasha
   683 | D:2      | Killed Natasha
   709 | D:5      | Entered Level 5 of the Dungeon
   872 | D:7      | Found a sparkling altar of Nemelex Xobeh.
   897 | D:7      | Reached skill level 9 in Unarmed Combat
   902 | D:7      | Noticed a hippogriff
   928 | D:7      | Killed a hippogriff
   928 | D:7      | Reached XP level 8. HP: 39/74 MP: 7/7
   951 | D:7      | Reached skill level 10 in Unarmed Combat
  1080 | D:7      | Reached skill level 11 in Unarmed Combat
  1086 | D:7      | Found an ancient bone altar of Kikubaaqudgha.
  1143 | D:7      | Found a staircase to the Ecumenical Temple.
  1152 | Temple   | Entered the Ecumenical Temple
  1190 | Temple   | Became a worshipper of Cheibriados the Contemplative
  1480 | D:6      | Reached XP level 9. HP: 81/81 MP: 8/8
  1523 | D:6      | Reached * piety under Cheibriados
  1662 | D:6      | Reached ** piety under Cheibriados
  2144 | D:9      | Noticed a troll
  2150 | D:9      | Killed a troll
  2150 | D:9      | Reached skill level 5 in Shields
  2167 | D:9      | Found Ekoazosk's Assorted Antiques.
  2170 | D:9      | Bought an embroidered scarf for 216 gold pieces
  2170 | D:9      | Bought a sedimented inky potion for 24 gold pieces
  2170 | D:9      | Bought a scroll labeled FEUDAV ACITTE for 27 gold pieces
  2170 | D:9      | Bought a puce potion for 24 gold pieces
  2170 | D:9      | Bought a black potion for 24 gold pieces
  2292 | D:9      | Reached XP level 10. HP: 48/94 MP: 9/9
  2298 | D:9      | Reached *** piety under Cheibriados
  2386 | D:10     | Entered Level 10 of the Dungeon
  2420 | D:10     | Reached skill level 12 in Unarmed Combat
  2568 | D:10     | Found a staircase to the Orcish Mines.
  2576 | D:10     | Reached skill level 5 in Fighting
  2595 | Orc:1    | Entered Level 1 of the Orcish Mines
  2648 | Orc:1    | Reached **** piety under Cheibriados
  2702 | Orc:1    | Reached skill level 1 in Invocations
  2750 | Orc:1    | Noticed an orc knight
  2752 | Orc:1    | Noticed a fire crab
  2752 | Orc:1    | an orc knight changed into a fire crab
  2752 | Orc:1    | Noticed a stone giant
  2753 | Orc:1    | Noticed an orc knight
  2758 | Orc:1    | Noticed an orc warlord
  2762 | Orc:2    | Entered Level 2 of the Orcish Mines
  2948 | Orc:2    | Reached ***** piety under Cheibriados
  2982 | Orc:2    | Noticed a deep elf mage
  2985 | Orc:2    | Killed a deep elf mage
  2993 | Orc:2    | Noticed a deep elf mage
  2996 | Orc:2    | Killed a deep elf mage
  2999 | Orc:2    | Got a distressingly furry hat
  3005 | Orc:2    | Identified the +2 hat "Xoisehe" {rN+ Int+3} (You found it on level 2 of the Orcish Mines)
  3056 | Orc:2    | Found a staircase to the Elven Halls.
  3085 | Orc:2    | Noticed an orc high priest
  3086 | Orc:2    | Noticed an orc high priest
  3095 | Orc:2    | Killed an orc high priest
  3095 | Orc:2    | Reached XP level 11. HP: 73/105 MP: 12/12
  3101 | Orc:2    | Killed an orc high priest
  3101 | Orc:2    | Reached skill level 13 in Unarmed Combat
  3102 | Orc:2    | Noticed an orc high priest
  3113 | Orc:2    | Noticed a soul eater
  3114 | Orc:2    | Killed an orc high priest
  3136 | Orc:2    | Noticed an orc high priest
  3149 | Orc:2    | Killed from afar by an orc high priest

Skill      XL: |  1  2  3  4  5  6  7  8  9 10 11 |
---------------+----------------------------------+-----
Unarmed Combat | 5 6 7 9 11 12 13 | 13.2
Shields        | 3 6 7 |  7.5
Fighting       | 3 4 5 6 |  6.1
Invocations    | 2 3 |  3.6
Dodging        | |  2.4

Action                   |  1- 3 |  4- 6 |  7- 9 | 10-12 || total
-------------------------+-------+-------+-------+-------++-------
Melee: Unarmed           |    42 |    82 |   343 |   205 ||   672
Invok: Slouch            |       |       |       |     4 ||     4
Evoke: Wand              |       |       |     1 |    19 ||    20
  Use: Potion            |     1 |       |     1 |     8 ||    10
       Scroll            |       |       |    10 |    10 ||    20
 Stab: Sleeping          |       |       |     1 |     1 ||     2
  Eat: Chunk             |     3 |     5 |    17 |     3 ||    28
Armor: Robe              |    12 |    21 |   126 |    48 ||   207
       Skin              |       |       |    19 |    34 ||    53
Dodge: Dodged            |    12 |    18 |   119 |    51 ||   200
Block: Shield            |    15 |    20 |   159 |   146 ||   340
